 Dungeon Crawl Stone Soup version 0.25.1-2-g60ff931df9 (webtiles) character file.

Game seed: 974771604896741829

90 H0rd4k the Insei (level 4, 0/42 HPs)
             Began as an Octopode Transmuter on Sept 16, 2020.
             Succumbed to an adder's poison
             ... on level 3 of the Dungeon.
             The game lasted 00:02:34 (3127 turns).

H0rd4k the Insei (Octopode Transmuter)              Turns: 3127, Time: 00:02:35

Health: 0/42       AC: 22    Str: 10    XL:     4   Next: 56%
Magic:  7/7        EV:  2    Int: 15    God:
Gold:   76         SH:  0    Dex: 12    Spells: 5/8 levels left

rFire    . . .     SeeInvis .     - Unarmed
rCold    . . .     Gourm    .   (no shield)
rNeg     + + +     Faith    .   (helmet currently unavailable)
rPois    +         Spirit   .   (no amulet)
rElec    .         Reflect  .   (no ring)
rCorr    .         Harm     .   (no ring)
MR       .....     NoTele   +   (no ring)
Stlth    ++........             (no ring)
HPRegen  0.14/turn              (no ring)
MPRegen  0.10/turn              (no ring)
                                (no ring)
                                (no ring)

@: lethally poisoned (0 -> -3), tree-form
A: almost no armour, stealthy swim, (amphibious), 8 rings, (constrict 8)
a: no special abilities


You were on level 3 of the Dungeon.
You were not hungry.
You were a tree.
You visited 1 branch of the dungeon, and saw 3 of its levels.

You collected 76 gold pieces.

Inventory:

Missiles
 a - 12 arrows
 m - 15 poisoned darts (quivered)
Scrolls
 b - 2 scrolls of remove curse
 d - a scroll of enchant armour {unknown}
 e - 2 scrolls of fear {unknown}
 h - a scroll of amnesia {unknown}
 i - a scroll of teleportation {unknown}
 j - 3 scrolls of identify {unknown}
 k - a scroll of blinking {unknown}
 l - a scroll of random uselessness {unknown}
Comestibles
 c - 3 rations


   Skills:
 + Level 1.2 Fighting
 + Level 2.3 Dodging
 + Level 1.1 Stealth
 + Level 3.8 Unarmed Combat
 * Level 2.6 Spellcasting
 * Level 2.8 Transmutations


You had 5 spell levels left.
You knew the following spells:

 Your Spells              Type           Power        Failure   Level  Hunger
a - Beastly Appendage     Tmut           ##....       6%          1    #......
b - Sticks to Snakes      Tmut           ##......     10%         2    ###....

Your spell library contained the following spells:

 Spells                   Type           Power        Failure   Level  Hunger
 Spider Form              Tmut/Pois      #.........   34%         3    ###....
 Ice Form                 Ice/Tmut       #.......     75%         4    #####..
 Blade Hands              Tmut           ##........   87%         5    ######.


Dungeon Overview and Level Annotations

Branches:
Dungeon (3/15)

Altars:


Innate Abilities, Weirdness & Mutations

You cannot wear most types of armour.
You are very stealthy in the water. (Stealth+)
((You are amphibious.))
You can wear up to eight rings at the same time.
((You can use your tentacles to constrict eight enemies at once.))
((Your skin changes colour to match your surroundings (Stealth+).))
((Your rubbery body absorbs attacks. (AC +1, EV +1)))


Message History

The dart slug is severely wounded.
The dart slug bites you but does no damage.
You hit the dart slug but do no damage.
The dart slug is severely wounded.
* * * LOW HITPOINT WARNING * * *
You feel sick.
You smack the dart slug!
You kill the dart slug!
* * * LOW HITPOINT WARNING * * *
You feel sick.
You cannot move.
There is a lethal amount of poison in your body!
There is a lethal amount of poison in your body!
There is a lethal amount of poison in your body!
* * * LOW HITPOINT WARNING * * *
You feel sick.
* * * LOW HITPOINT WARNING * * *
You feel sick.
You aren't carrying any potions.
You die...

#..# #.# .#
###.## #....#
#.##.#
#.##########
#..8.......#
#.......8⌠.#
#########8.#
#. #.♣#
#.##)8#
####..#(.#
#........###.
#..(.........#
#.........####
#.........#
#......>..#
#........##


There were no monsters in sight!

Vanquished Creatures
  3 adders
  2 worms (D:2)
  A dart slug (D:3)
  3 leopard geckos
  3 orcs (D:3)
  4 bats
  2 giant cockroaches
  9 goblins
  4 hobgoblins
  3 kobolds
  A quokka (D:2)
  A ball python (D:1)
  8 frilled lizards
  5 rats
49 creatures vanquished.

Notes
Turn   | Place    | Note
-------+----------+-------------------------------------------
     0 | D:1      | H0rd4k the Octopode Transmuter began the quest for the Orb.
     0 | D:1      | Reached XP level 1. HP: 13/13 MP: 3/3
   532 | D:1      | Reached XP level 2. HP: 18/18 MP: 5/5
  1081 | D:1      | Learned a level 2 spell: Sticks to Snakes
  1352 | D:2      | Reached XP level 3. HP: 17/23 MP: 6/6
  2023 | D:2      | Reached XP level 4. HP: 28/28 MP: 7/7
  2489 | D:2      | Reached skill level 1 in Stealth
  3121 | D:3      | HP: 2/42 [poisoned by an adder]
  3127 | D:3      | Succumbed to an adder's poison

Illustrated notes

Levels and vault maps discovered:
D:1:      lightli_arrival_windingriver, layout_basic, minivault_23
D:2:      layout_loops_corners, st_stairs_11, nrook_mini_vaults
D:3:      layout_basic, interstate_on_off, chequers_decorated_corner,
          uniq_grinder

Skill      XL: |  1  2  3  4 |
---------------+-------------+-----
Stealth        | 1 |  1.1
Fighting       | |  1.2
Dodging        | |  2.3
Unarmed Combat | |  3.8
Spellcasting   | |  2.6
Transmutations | |  2.8

Action                   |  1- 3 |  4- 6 || total
-------------------------+-------+-------++-------
Melee: Unarmed           |    73 |    46 ||   119
       Tentacles         |    11 |     6 ||    17
       Constrict         |    16 |    10 ||    26
       Kick              |     2 |     3 ||     5
       Punch             |     1 |       ||     1
 Cast: Beastly Appendage |     2 |     3 ||     5
  Use: Potion            |     4 |     1 ||     5
       Scroll            |       |     1 ||     1
 Stab: Sleeping          |     8 |     1 ||     9
  Eat: Chunk             |     3 |     4 ||     7
Armor: Skin              |     6 |     2 ||     8
Dodge: Dodged            |    36 |    20 ||    56
